 Dungeon Crawl Stone Soup version 0.29-a0-1033-gb6c65ffae6 (webtiles) character file.

Game seed: 7978775150454266548

143 Zonian the Grave Robber (level 5, 0/35 HPs)
             Began as a Demonspawn Necromancer on Aug 14, 2022.
             Frozen to death by an endoplasm (2 damage)
             ... in a sewer.
             The game lasted 00:06:36 (3266 turns).

Zonian the Grave Robber (Demonspawn Necromancer)    Turns: 3266, Time: 00:06:37

Health: 0/35       AC:  4    Str:  9    XL:     5   Next: 4%
Magic:  0/10       EV: 12    Int: 18    God:
Gold:   115        SH:  0    Dex: 13    Spells: 7/11 levels left

rFire   . . .      SeeInvis .   p - +2 hammer (pain)
rCold   . . .      Faith    .   (no shield)
rNeg    . . .      Spirit   .   a - +0 robe
rPois   .          Reflect  .   (helmet restricted)
rElec   .          Harm     .   e - +0 cloak
rCorr   .          Rampage  .   (no gloves)
Will    .....                   g - +0 pair of boots
Stlth   +.........              (no amulet)
HPRegen 0.11/turn               (no ring)
MPRegen 0.12/turn               (no ring)

@: very slow
A: antennae 1, ignite blood 1
a: no special abilities


You were in a sewer.
You visited 1 branch of the dungeon, and saw 3 of its levels.
You also visited: Sewer.

You collected 115 gold pieces.

Inventory:

Hand Weapons
 f - a +0 dagger
 p - a +2 hammer of pain (weapon)
Missiles
 m - a throwing net
Armour
 a - a +0 robe (worn)
 e - a +0 cloak (worn)
 g - a +0 pair of boots (worn)
 k - the +18 Lear's hauberk
   (You found it on level 2 of the Dungeon)
Scrolls
 h - a scroll of noise {unknown}
 j - 2 scrolls of identify {unknown}
 l - a scroll of butterflies {unknown}
 n - a scroll of fear {unknown}
 o - a scroll of immolation {unknown}
Potions
 d - a potion of mutation {unknown}
 i - a potion of ambrosia {unknown}


   Skills:
 - Level 2.0 Dodging
 - Level 2.0 Stealth
 + Level 3.5 Spellcasting
 + Level 5.7 Necromancy


You had 7 spell levels left.
You knew the following spells:

 Your Spells              Type           Power      Damage    Failure   Level
a - Necrotise             Necr           92%        1d8       1%          1
b - Vampiric Draining     Necr           23%        2d7       4%          3

Your spell library contained the following spells:

 Spells                   Type           Power      Damage    Failure   Level
 Animate Dead             Necr           23%        N/A       14%         4
 Sting                    Tmut/Pois      12%        1d3       16%         1
 Poisonous Vapours        Pois/Air       6%         N/A       24%         2
 Agony                    Necr           23%        N/A       38%         5
 Olgreb's Toxic Radiance  Pois           3%         N/A       83%         4


Dungeon Overview and Level Annotations

Branches:
Dungeon (3/15)              Sewer (1/1)

Altars:
Cheibriados

Shops:
D:1 :

Annotations:
D:2 1 runed translucent door, Crazy Yiuf


Innate Abilities, Weirdness & Mutations

You have a pair of small antennae on your head.
Your demonic aura sometimes causes spilled blood to erupt in flames.


Message History

You are frozen.
* * * LOW HITPOINT WARNING * * *
Your rat skeleton splashes around in the water.
You have reached level 5!
Your demonic ancestry asserts itself...
Your blood heats up.
A river rat, an adder and 2 rats come into view.
The endoplasm freezes you.
You are frozen.
* * * LOW HITPOINT WARNING * * *
Your rat skeleton bites the endoplasm but does no damage.
The endoplasm barely misses you.
You see here a river rat corpse.
Okay, then.
Your unstable footing causes you to fumble your attack.
Your rat skeleton splashes around in the water.
The endoplasm freezes you.
You are frozen.
* * * LOW HITPOINT WARNING * * *
Your rat skeleton splashes around in the water.
Your unstable footing causes you to fumble your attack.
The adder hisses angrily.
You hear an angry hiss.
An adder comes into view.
A ball python comes into view.
The endoplasm splashes around in the water.
A rat comes into view.
Your rat skeleton bites the endoplasm but does no damage.
The endoplasm freezes you.
You are frozen.
* * * LOW HITPOINT WARNING * * *
Okay, then.
Okay, then.
Casting: Necrotise (safe; 1% risk of failure)
Confirm with . or Enter, or press ? or * to list all spells.
Aiming: Necrotise (safe; 1% risk of failure)
Press: ? - help, Shift-Dir - straight line, f - endoplasm
Aim: an endoplasm (ally target, chance to affect: 91%)
The endoplasm writhes in agony.
The endoplasm freezes you.
You are frozen.
You die...

#≈≈≈~~~#
#≈~#~≈≈
#≈≈~~~~#
#~~≈≈≈≈
#≈.~~.##
#~~≈≈≈≈
#≈~.[~.#
#.≈#≈≈≈
#≈~~~~##
#~~≈≈≈≈
#~~≈≈≈≈#
#≈~~≈≈≈
#~~≈≈≈≈#
#~~≈~≈≈
#≈~~~≈≈#
#≈#~≈≈≈
#≈J@~~≈#
#≈≈~≈~≈
#≈~Z~~~#
#≈≈≈~~≈
##.....#
##~~.~.
r.....#
#......
..S...##
##.....
SS.r...#
#.....
..r....##
##...†
.....####
####. ##


You could see 2 adders, a river rat, an endoplasm (ally target), a ball python,
2 rats and a friendly rat skeleton.

Vanquished Creatures
  3 adders
  3 river rats (Sewer)
  A worm (D:2)
  2 dart slugs
  8 bats
  5 endoplasms
  3 giant cockroaches
  2 hobgoblins (D:1)
  3 jackals (D:2)
  6 kobolds
  4 quokkas
  8 ball pythons
  2 frilled lizards
  3 goblins (D:2)
  22 rats
75 creatures vanquished.

Vanquished Creatures (collateral kills)
  A worm (D:3)
  A ball python (Sewer)
  10 rats (Sewer)
12 creatures vanquished.

Grand Total: 87 creatures vanquished

Notes
Turn   | Place    | Note
-------+----------+-------------------------------------------
     0 | D:1      | Zonian the Demonspawn Necromancer began the quest for the
                  | Orb.
     0 | D:1      | Reached XP level 1. HP: 13/13 MP: 3/3
    21 | D:1      | Found Uraisoil's Book Shoppe.
   768 | D:1      | Gained mutation: You have a pair of small antennae on your
                  | head. [demonic ancestry]
   768 | D:1      | Reached XP level 2. HP: 19/19 MP: 1/5
  1454 | D:2      | Reached XP level 3. HP: 24/24 MP: 2/6
  1460 | D:2      | Found the +18 Lear's hauberk
  1709 | D:2      | Reached skill level 5 in Necromancy
  1817 | D:2      | Found a snail-covered altar of Cheibriados.
  1895 | D:2      | Learned a level 3 spell: Vampiric Draining
  2568 | D:2      | Found a runed translucent door.
  2577 | D:2      | Noticed Crazy Yiuf
  2684 | D:3      | Reached XP level 4. HP: 28/30 MP: 8/8
  2699 | D:3      | Found a glowing drain.
  2711 | Sewer    | Entered a sewer
  3263 | Sewer    | Gained mutation: Your demonic aura sometimes causes spilled
                  | blood to erupt in flames. [demonic ancestry]
  3263 | Sewer    | Reached XP level 5. HP: 8/35 MP: 0/10
  3266 | Sewer    | Frozen to death by an endoplasm

Illustrated notes

Levels and vault maps discovered:
D:1:      dpeg_arrival_rooms_c, layout_loops_ring, serial_shops,
          nicolae_shop_stone, reono_crystal_passage
D:2:      layout_loops_ring, basic_altar, uniq_crazy_yiuf_cottage
D:3:      layout_loops_corners, nicolae_ashenzari_panopticon,
          portal_sewer_entry_e, shapermc_ecumenical_altar_mp_urbaneastern,
          serial_park_tiny_pond
Sewer:    sewer_minmay_w

Skill      XL: |  1  2  3 |
---------------+----------+-----
Stealth        | 2 |  2.0
Dodging        | 2 |  2.0
Necromancy     | 5 |  5.7
Spellcasting   | 3 |  3.5

Action                   |  1- 3 |  4- 6 || total
-------------------------+-------+-------++-------
Melee: Unarmed           |    14 |       ||    14
       Dagger            |    11 |       ||    11
       Mace              |     3 |    27 ||    30
 Cast: Necrotise         |    87 |    36 ||   123
  Use: Potion            |       |     2 ||     2
 Stab: Sleeping          |       |     1 ||     1
Armor: Robe              |    11 |    10 ||    21
Dodge: Dodged            |    30 |    24 ||    54

Table legend: (Time is in decaauts)
 A = Elapsed time spent in this place.
 B = Non-inter-level travel time spent in this place.
 C = Inter-level travel time spent in this place.
 D = Time resting spent in this place.
 E = Time spent auto-exploring this place.
 F = Levels seen in this place.
 G = Mean time per level.
                   A        B        C        D        E       F      G
               +--------+--------+--------+--------+--------+-----+--------+
         Total |   3295 |   3233 |     62 |    475 |   2138 |   4 |  823.8 |
       Dungeon |   2716 |   2654 |     62 |    111 |   2138 |   3 |  905.3 |
         Sewer |    579 |    579 |      0 |    364 |      0 |   1 |  579.0 |
               +--------+--------+--------+--------+--------+-----+--------+

Top non-repeatable levels by time:
     D:1: 1449 daAuts
     D:2: 1163 daAuts
   Sewer: 579 daAuts
     D:3: 103 daAuts
